Map: Tourmaline LE

Players

LiquidClem (Clem) - Winner!

  • Race: Terran Terran
  • League: Grandmaster
  • Spawn Location: 1:00

Serral

  • Race: Zerg Zerg
  • League: Grandmaster
  • Spawn Location: 7:00

VOD

Have the link to the VOD?

Description

Time

  • Played on: Feb. 1, 2026, 10:17 a.m.
  • Length: 24:39
Show
View Real Time Build Order
Export as new Build Order

LiquidClem Terran - Winner!

Build Orders: Reaper Expand, Mech 

Get SALT Encoding   

  12  0:00  SCV  
  13  0:12  SCV  
  14  0:16  Supply Depot  
  14  0:24  SCV  
  15  0:38  SCV, Barracks  
  15  0:42  Refinery  
  16  0:50  SCV  
  17  1:02  SCV  
  18  1:14  SCV  
  19  1:25  Reaper  
  20  1:26  Orbital Command  
  20  1:37  Command Center  
  20  1:45  Supply Depot  
  20  1:51  SCV  
  21  1:57  Marine  
  22  2:03  SCV  
  23  2:08  Factory  
  23  2:16  SCV  
  23  2:20  Barracks Reactor  
  24  2:28  SCV  
  25  2:38  Command Center  
  25  2:40  SCV  
  26  2:48  Orbital Command  
  26  2:52  SCV  
  27  3:03  Barracks  
  27  3:05  SCV  
  28  3:06  Hellion  
  28  3:07  Barracks Tech Lab  
  28  3:11  Hellion  
  32  3:15  SCV  
  32  3:17  SCV  
  32  3:19  Refinery  
  35  3:27  Marine, SCV  
  35  3:28  Stimpack  
  35  3:30  SCV  
  35  3:32  Hellion  
  39  3:37  Hellion  
  39  3:39  SCV  
  42  3:42  SCV  
  42  3:45  Marine  
  44  3:50  SCV  
  44  3:54  Starport  
  44  3:55  SCV  
  46  4:00  SCV  
  46  4:02  Marine  
  47  4:03  Marine x2  
  47  4:06  Supply Depot  
  47  4:07  Orbital Command, Factory Reactor  
  47  4:09  SCV  
  51  4:12  SCV  
  52  4:20  Marine  
  52  4:21  Marine, SCV  
  55  4:24  SCV  
  55  4:26  Marine  
  55  4:29  Supply Depot  
  57  4:33  SCV x2  
  57  4:36  SCV  
  57  4:38  Marine x2  
  60  4:41  Refinery  
  60  4:44  Marine, Refinery  
  60  4:45  SCV  
  64  4:46  SCV, Medivac x2  
  64  4:51  SCV  
  64  4:52  Supply Depot  
  70  4:56  Factory Tech Lab, Marine, Engineering Bay  
  70  4:57  Engineering Bay, SCV  
  70  4:58  Marine  
  74  5:00  SCV  
  74  5:04  Marine  
  74  5:05  SCV  
  74  5:06  Orbital Command  
  74  5:07  Barracks  
  76  5:12  SCV  
  76  5:14  Marine, Supply Depot, Combat Shield  
  77  5:18  Marine  
  77  5:20  SCV  
  80  5:23  Marine  
  80  5:24  SCV  
  80  5:26  Starport Reactor  
  80  5:28  Terran Infantry Weapons Level 1, Terran Infantry Armor Level 1  
  82  5:32  SCV  
  82  5:33  SCV  
  82  5:35  Supply Depot  
  84  5:36  Marine  
  84  5:37  Supply Depot, SCV  
  84  5:39  Siege Tank  
  89  5:44  Marine, SCV  
  89  5:47  SCV, Marine  
  89  5:48  Supply Depot  
  93  5:56  Marine  
  94  5:57  SCV  
  94  6:00  Barracks x2, SCV  
  96  6:04  Supply Depot  
  96  6:05  Supply Depot, Marine  
  96  6:06  Marine x2  
  96  6:07  SCV  
  96  6:10  Medivac x2  
  104  6:17  Marine  
  104  6:18  SCV  
  99  6:19  Marine  
  99  6:21  Siege Tank  
  99  6:22  SCV  
  99  6:23  Marine  
  99  6:24  SCV, Supply Depot  
  93  6:26  Marine  
  93  6:30  Armory, SCV, Refinery  
  93  6:32  Factory  
  95  6:34  Supply Depot, SCV  
  95  6:37  SCV, Marine  
  98  6:41  Marine  
  98  6:42  SCV  
  98  6:43  Marine x2  
  98  6:46  SCV  
  103  6:48  Barracks Reactor x2  
  103  6:49  Supply Depot, SCV, Marine  
  103  6:50  Medivac  
  107  6:54  SCV  
  107  6:58  SCV  
  107  7:01  Factory, SCV  
  108  7:04  Marine  
  108  7:08  Marine x3  
  110  7:09  Command Center  
  110  7:12  Sensor Tower  
  110  7:14  Widow Mine  
  114  7:15  Marine  
  114  7:16  Drilling Claws  
  114  7:20  Refinery  
  114  7:22  Marine  
  115  7:23  Medivac  
  115  7:26  SCV  
  115  7:28  SCV  
  115  7:29  SCV  
  121  7:30  Marine x2  
  121  7:31  Marine x4  
  121  7:35  Marine, Supply Depot  
  121  7:36  Supply Depot  
  128  7:37  Supply Depot  
  128  7:38  SCV  
  128  7:39  Marine, Widow Mine  
  128  7:40  Terran Infantry Weapons Level 2, Marine  
  128  7:42  Terran Infantry Armor Level 2  
  133  7:47  Factory Reactor  
  133  7:49  Marine x2  
  133  7:50  SCV  
  136  7:51  Supply Depot  
  136  7:52  SCV  
  136  7:55  Marine  
  136  7:56  Marine x3  
  136  7:58  Terran Vehicle And Ship Armor Level 1  
  141  8:00  Medivac  
  141  8:02  Widow Mine  
  147  8:05  Marauder  
  147  8:06  Marine  
  147  8:07  Marine  
  147  8:10  Marine  
  150  8:16  Medivac  
  149  8:20  SCV, Marine x3  
  149  8:21  Marine x2  
  149  8:23  Widow Mine  
  149  8:24  Widow Mine  
  149  8:25  Widow Mine  
  160  8:30  Barracks  
  160  8:31  SCV  
  160  8:32  Barracks, Sensor Tower  
  160  8:33  Barracks  
  161  8:37  Marine  
  161  8:38  SCV  
  161  8:39  Marine  
  164  8:44  Marine, Widow Mine  
  164  8:46  Widow Mine  
  164  8:47  Medivac, Marine x2  
  164  8:48  Marine, Planetary Fortress  
  174  8:49  SCV x2  
  174  8:50  SCV  
  174  8:51  Marine x2  
  179  8:56  Widow Mine, Marine  
  179  9:01  Marine, SCV, Marauder  
  179  9:02  Marine  
  187  9:04  Liberator  
  187  9:06  Widow Mine  
  187  9:07  Supply Depot  
  192  9:11  Marine, Widow Mine  
  192  9:14  Marine  
  196  9:20  Starport  
  196  9:21  Fusion Core  
  196  9:24  Marine  
  196  9:26  Liberator  
  196  9:28  Widow Mine  
  196  9:29  Marine x3  
  196  9:30  Marine, Marauder  
  185  9:31  Barracks Tech Lab x3  
  185  9:33  Widow Mine, Marine  
  185  9:35  Marine, Widow Mine  
  185  9:38  SCV  
  181  9:39  Marine  
  181  9:43  Refinery  
  181  9:44  Refinery  
  179  9:47  Medivac  
  179  9:49  Widow Mine  
  179  9:52  Marauder  
  185  9:53  Marine x2  
  185  9:55  Marine x2  
  185  9:56  Widow Mine  
  191  10:06  Marine x2, Widow Mine  
  195  10:08  Liberator  
  195  10:09  Starport Reactor  
  195  10:11  Marauder x2  
  195  10:13  Command Center, Marauder  
  198  10:14  Terran Infantry Weapons Level 3  
  198  10:15  Ghost Academy  
  198  10:17  Liberator  
  195  10:22  Marine x2, Terran Infantry Armor Level 3  
  195  10:25  Widow Mine  
  195  10:26  Marauder  
  195  10:28  Widow Mine  
  185  10:29  Marine x2  
  185  10:30  Marine x2  
  185  10:33  Marauder  
  185  10:34  Marauder x2  
  188  10:37  Widow Mine  
  187  10:44  Advanced Ballistics  
  187  10:46  Liberator, Widow Mine  
  187  10:48  Marauder  
  187  10:49  Liberator  
  197  10:53  Widow Mine  
  195  10:57  Marine  
  195  10:58  Marine x3  
  195  10:59  Marine  
  195  11:04  Medivac  
  192  11:06  Marine x2  
  192  11:07  Marauder  
  192  11:09  Widow Mine, Marauder  
  200  11:13  Terran Vehicle And Ship Armor Level 2  
  200  11:17  Command Center  
  200  11:19  Starport  
  200  11:22  Marine  
  200  11:29  Refinery  
  200  11:34  Refinery, Liberator  
  200  11:35  Marine, Widow Mine  
  200  11:36  Marine x3  
  200  11:39  SCV x2  
  193  11:43  Marine, Widow Mine  
  184  11:47  Liberator  
  184  11:48  Marauder x3  
  184  11:49  Widow Mine, Liberator x2  
  199  11:58  Widow Mine  
  200  12:04  Marine  
  200  12:06  Widow Mine  
  191  12:10  Widow Mine  
  191  12:15  Caduceus Reactor, Marine x2  
  191  12:16  Marine  
  191  12:17  Concussive Shells, Liberator  
  191  12:19  Widow Mine  
  197  12:26  Marine x2  
  199  12:31  SCV  
  199  12:35  SCV  
  199  12:36  Widow Mine  
  198  12:38  Liberator  
  198  12:39  SCV  
  198  12:41  Liberator  
  195  12:51  Liberator  
  195  12:52  SCV  
  195  12:54  Marine x3, Widow Mine  
  195  12:55  Marauder  
  200  13:02  Planetary Fortress  
  200  13:04  Command Center  
  200  13:05  Sensor Tower  
  200  13:06  Missile Turret x2  
  200  13:09  Liberator  
  199  13:18  Marine  
  197  13:21  Marine, Marauder, SCV  
  197  13:23  Marine  
  197  13:26  SCV  
  197  13:27  SCV x3, Marine  
  183  13:28  Widow Mine, Marine  
  183  13:31  Liberator x2, Marine  
  183  13:32  Marine x2, Widow Mine, Ghost  
  183  13:33  Ghost x2, SCV  
  191  13:38  SCV  
  191  13:39  SCV x3, Missile Turret  
  191  13:41  Widow Mine, Ghost  
  194  13:49  Liberator  
  194  13:54  Marine, Widow Mine  
  197  13:58  Marine  
  197  14:01  Ghost x2  
  198  14:03  Medivac, Marine  
  198  14:05  Marine  
  193  14:10  Widow Mine  
  193  14:14  Medivac  
  197  14:17  Widow Mine  
  197  14:19  Medivac  
  199  14:26  Marine  
  199  14:29  Widow Mine  
  186  14:31  Marine x2  
  186  14:32  Marine  
  186  14:34  Medivac x2  
  186  14:35  Marine x2, Widow Mine, SCV  
  186  14:37  Marine x2  
  200  14:45  Sensor Tower  
  200  14:49  Marine x3  
  200  14:50  Missile Turret  
  200  14:51  Medivac  
  200  14:53  Terran Vehicle And Ship Armor Level 3  
  200  15:06  Marauder  
  200  15:17  Medivac, Liberator  
  200  15:18  Marine x3  
  200  15:20  Widow Mine, Marine  
  200  15:29  Orbital Command  
  198  15:37  Widow Mine  
  198  15:40  Medivac  
  200  15:43  Command Center  
  200  15:48  Widow Mine, Missile Turret  
  187  15:58  Medivac  
  187  15:59  Ghost x2, Widow Mine  
  187  16:00  Ghost x2  
  191  16:09  Widow Mine  
  191  16:10  Widow Mine  
  191  16:11  Marine x4  
  183  16:13  Marine  
  183  16:17  Missile Turret  
  184  16:20  Marine, Widow Mine  
  184  16:23  Marine  
  186  16:27  Ghost x2  
  186  16:28  SCV  
  186  16:29  Ghost x2  
  186  16:31  SCV x2  
  197  16:33  Sensor Tower  
  197  16:34  Marine  
  197  16:38  Marine  
  199  16:41  Widow Mine  
  199  16:42  Widow Mine  
  199  16:46  Marine  
  200  16:58  Ghost  
  199  17:09  Orbital Command  
  199  17:14  Command Center  
  199  17:17  Widow Mine  
  199  17:18  Sensor Tower  
  199  17:31  Terran Ship Weapons Level 1  
  199  17:32  Personal Cloaking  
  199  17:34  Ghost  
  199  17:37  Command Center  
  199  17:38  Marine  
  199  17:39  Widow Mine  
  198  17:51  Liberator  
  198  17:54  Liberator  
  198  17:55  Ghost, Widow Mine  
  198  17:56  Marine x2  
  165  17:59  Widow Mine  
  165  18:01  Liberator x2  
  165  18:02  Marine x7  
  165  18:05  Marine x2, Widow Mine  
  157  18:13  Marine  
  157  18:14  Marine  
  157  18:17  Widow Mine  
  154  18:20  Marine x2  
  154  18:25  Ghost  
  157  18:27  Marine x2  
  157  18:33  Ghost x2  
  163  18:34  Liberator  
  163  18:35  Widow Mine x2, Marine  
  163  18:37  Liberator  
  163  18:38  Marine  
  163  18:40  Marine x3  
  177  18:43  Marine  
  177  18:44  Marine, Widow Mine  
  177  18:45  Sensor Tower  
  177  18:47  Sensor Tower  
  181  18:49  Marine  
  181  18:53  Liberator  
  181  18:54  Ghost, Liberator  
  190  19:01  Marine x2, Ghost, Widow Mine  
  193  19:07  Widow Mine, Marine  
  193  19:08  Widow Mine  
  197  19:16  Marine  
  197  19:17  Liberator, Starport Reactor  
  195  19:32  Liberator  
  195  19:33  Marine x3, Widow Mine  
  195  19:35  Marine x5  
  195  19:36  Marauder  
  200  19:47  Marine  
  200  19:51  Planetary Fortress  
  200  19:58  Marine, Marauder  
  199  20:02  SCV  
  199  20:07  Refinery  
  199  20:09  Refinery  
  199  20:10  Missile Turret  
  199  20:11  Medivac  
  199  20:12  Marine x3, Widow Mine, Sensor Tower  
  200  20:20  Command Center  
  200  20:26  Missile Turret  
  198  20:29  Widow Mine  
  198  20:34  Liberator  
  197  20:49  Missile Turret  
  193  20:50  Missile Turret x2  
  193  20:55  Medivac  
  195  21:00  Marine  
  195  21:02  Marauder  
  196  21:10  Liberator  
  194  21:19  Widow Mine  
  194  21:23  Liberator x2  
  194  21:34  Liberator x2  
  194  21:35  Ghost x2, Widow Mine x2  
  194  21:36  Ghost, Marine  
  194  21:38  Liberator  
  185  21:40  Widow Mine  
  185  21:42  Marine x2  
  185  21:43  Marine  
  190  21:47  Planetary Fortress  
  190  21:49  Ghost, Command Center  
  190  21:52  Marine  
  190  21:53  Medivac  
  191  21:55  Marine x2  
  191  21:57  Widow Mine x2  
  191  22:01  Marine  
  198  22:02  Widow Mine  
  198  22:31  Liberator x2  
  198  22:32  Widow Mine x2, Marine  
  198  22:33  Marauder, Marine x2  
  198  22:34  Marine  
  189  22:37  Marine, Ghost, Widow Mine  
  189  22:39  Ghost  
  194  22:50  Liberator  
  188  22:54  Widow Mine x2  
  188  22:56  Liberator  
  195  23:00  Widow Mine  
  195  23:04  Marine  
  198  23:07  Marine  
  199  23:20  Marine  
  197  23:29  Widow Mine  
  197  23:32  Liberator  
  199  23:51  Ghost, Widow Mine  
  199  23:52  Marine  
  197  24:05  Marine, Widow Mine  
  195  24:12  Missile Turret  
  195  24:13  Missile Turret  
Show
View Real Time Build Order
Export as new Build Order

Serral Zerg 

Build Orders: Hatch First, Lurkers 

Get SALT Encoding   

  12  0:00  Drone  
  13  0:07  Drone  
  14  0:14  Extractor  
  14  0:15  Drone  
  15  0:22  Overlord  
  15  0:40  Drone  
  16  0:45  Hatchery  
  16  0:49  Drone  
  16  0:53  Drone  
  16  0:56  Drone  
  18  1:06  Extractor  
  17  1:11  Spawning Pool  
  17  1:14  Drone  
  17  1:17  Drone  
  18  1:26  Drone  
  19  1:37  Drone  
  20  1:47  Overlord  
  20  1:57  Queen x2  
  20  1:58  Zergling x2  
  20  2:00  Zergling x2  
  26  2:08  Drone  
  27  2:09  Drone  
  27  2:11  Metabolic Boost  
  28  2:18  Drone  
  28  2:20  Drone  
  30  2:29  Drone  
  30  2:30  Drone  
  30  2:33  Queen  
  33  2:41  Overlord  
  33  2:42  Drone  
  34  2:52  Drone  
  35  3:00  Hatchery  
  35  3:02  Overlord  
  34  3:07  Drone x3  
  34  3:08  Drone x2  
  34  3:09  Drone  
  34  3:11  Drone  
  41  3:16  Drone  
  42  3:20  Queen  
  42  3:26  Queen  
  46  3:30  Overlord  
  46  3:35  Zergling x2  
  46  3:36  Zergling x4  
  46  3:41  Zergling x4  
  51  3:42  Overlord  
  51  3:48  Overlord  
  51  3:50  Drone x3  
  51  3:51  Drone  
  51  3:53  Drone  
  56  4:01  Drone  
  60  4:02  Drone  
  60  4:07  Queen  
  62  4:10  Drone  
  62  4:16  Drone x4  
  67  4:19  Drone  
  68  4:25  Queen, Lair  
  68  4:26  Overlord  
  68  4:31  Zergling x2  
  68  4:32  Drone x3  
  68  4:35  Overlord  
  68  4:36  Drone  
  68  4:37  Drone  
  73  4:42  Queen  
  73  4:44  Drone x3  
  78  4:47  Overlord  
  78  4:50  Drone x2  
  80  4:56  Extractor, Drone  
  80  4:57  Extractor, Drone  
  80  4:58  Extractor  
  79  5:01  Drone  
  79  5:03  Queen  
  82  5:07  Overlord  
  82  5:08  Drone x6  
  88  5:19  Drone x5  
  93  5:22  Extractor x2  
  93  5:26  Overlord, Hatchery  
  93  5:27  Overlord  
  90  5:30  Drone  
  90  5:35  Drone x2  
  93  5:36  Hydralisk Den, Zergling x4  
  93  5:37  Evolution Chamber x2  
  93  5:38  Zergling x2  
  93  5:39  Zergling x2  
  94  5:43  Zergling x6  
  94  5:47  Zergling x2  
  98  5:51  Overlord  
  98  5:52  Zergling x6  
  98  5:53  Overlord  
  101  6:02  Drone  
  101  6:03  Queen  
  102  6:06  Zergling x14  
  102  6:10  Overlord  
  108  6:14  Overlord  
  96  6:26  Drone x4  
  96  6:28  Zerg Missile Weapons Level 1, Zerg Ground Armor Level 1  
  96  6:31  Hatchery  
  99  6:36  Hydralisk  
  99  6:37  Hydralisk x6  
  113  6:45  Baneling Nest  
  112  6:47  Grooved Spines, Hydralisk  
  112  6:53  Hydralisk x3  
  120  6:58  Hydralisk x2  
  121  7:04  Hydralisk  
  121  7:05  Hydralisk x2  
  127  7:10  Hydralisk x2  
  127  7:15  Hydralisk x3  
  131  7:18  Overseer  
  131  7:21  Hydralisk x2  
  140  7:26  Drone x4  
  140  7:29  Centrifugal Hooks  
  144  7:32  Drone x2  
  146  7:37  Muscular Augments  
  146  7:38  Overlord, Hydralisk x2  
  146  7:39  Zergling x4  
  146  7:42  Zergling x4  
  154  7:49  Overlord x2  
  154  7:51  Drone x2  
  156  7:54  Zergling x8  
  156  7:57  Overlord  
  160  7:59  Baneling x4  
  160  8:00  Zergling x4  
  160  8:05  Zergling x10  
  167  8:07  Overlord  
  167  8:10  Zergling x6  
  163  8:17  Drone  
  163  8:22  Drone x3  
  163  8:23  Overlord, Zerg Ground Armor Level 2  
  163  8:24  Zerg Melee Weapons Level 1, Zergling x4  
  168  8:30  Infestation Pit  
  168  8:32  Baneling x11  
  166  8:35  Zergling x10  
  170  8:41  Hatchery  
  170  8:47  Zergling x14  
  175  8:53  Zergling x12  
  181  8:58  Zergling x10  
  181  9:00  Pneumatized Carapace  
  181  9:02  Zergling x2  
  187  9:07  Baneling x6  
  187  9:08  Zergling x4  
  189  9:10  Overseer  
  187  9:17  Zergling x2  
  187  9:18  Zergling x16  
  187  9:20  Hive  
  176  9:31  Zergling x16  
  176  9:35  Hydralisk  
  175  9:40  Drone  
  175  9:43  Baneling x7  
  175  9:45  Lurker Den  
  175  9:46  Overseer  
  175  9:49  Hatchery  
  175  9:50  Drone x2  
  175  9:51  Extractor  
  175  9:52  Extractor  
  174  9:53  Drone x3, Zergling x2  
  174  9:54  Zergling x18  
  174  9:59  Zergling x4  
  187  10:04  Zergling x2  
  188  10:08  Zergling x10  
  188  10:12  Zergling x4  
  189  10:16  Baneling x8  
  184  10:21  Zergling x16  
  184  10:23  Zergling x2  
  184  10:24  Zergling x2  
  184  10:25  Overseer  
  184  10:26  Overlord  
  172  10:31  Zergling x6  
  172  10:32  Baneling x3  
  163  10:37  Zergling x10  
  161  10:43  Zergling x10, Overseer  
  161  10:45  Baneling x5  
  165  10:50  Viper x2  
  165  10:51  Viper  
  165  10:54  Seismic Spines  
  176  10:59  Zergling x10  
  176  11:01  Zerg Missile Weapons Level 2  
  181  11:06  Zergling x8  
  181  11:07  Zergling x2  
  179  11:13  Adrenal Glands  
  179  11:15  Lurker x4  
  179  11:18  Drone x3  
  186  11:24  Zergling x12  
  181  11:33  Hydralisk x2, Zergling x2  
  181  11:34  Zergling x10  
  178  11:43  Zergling x18  
  176  11:50  Lurker x2  
  176  11:51  Adaptive Talons, Hydralisk x2  
  176  11:53  Drone  
  177  12:04  Hydralisk x2  
  177  12:05  Zergling x22  
  191  12:18  Zergling x18  
  197  12:23  Hydralisk  
  197  12:24  Zergling x2  
  197  12:29  Zerg Ground Armor Level 3  
  199  12:34  Zergling x16  
  198  12:37  Viper x2  
  198  12:41  Zergling x14  
  196  12:47  Hydralisk x2  
  196  12:49  Overseer  
  198  12:52  Hatchery  
  198  12:57  Hydralisk x4  
  196  13:14  Spire  
  196  13:16  Hydralisk x2  
  196  13:17  Zergling x2  
  190  13:28  Zergling x20, Hatchery  
  190  13:30  Zerg Melee Weapons Level 2  
  186  13:43  Zergling x4  
  186  13:44  Zergling x10  
  191  13:54  Viper  
  190  13:58  Overlord x2  
  181  14:03  Hydralisk x5  
  181  14:09  Zergling x10  
  188  14:11  Baneling x2  
  188  14:21  Hydralisk x3  
  186  14:31  Hydralisk x3  
  186  14:32  Hydralisk  
  186  14:36  Lurker x4  
  196  14:40  Drone x2  
  198  14:48  Zerg Flyer Weapons Level 1  
  198  14:51  Unknown  
  198  14:55  Baneling x7  
  197  15:02  Hatchery  
  197  15:05  Zergling x10  
  190  15:18  Zergling x22  
  190  15:19  Zergling x8  
  186  15:29  Hydralisk x2  
  186  15:30  Zergling x4  
  186  15:32  Zerg Missile Weapons Level 3  
  191  15:38  Zergling x2  
  189  15:47  Hydralisk x2  
  188  15:50  Zergling x4  
  188  15:56  Hatchery  
  184  15:58  Zergling x4  
  181  16:05  Zergling x4  
  181  16:09  Zergling x2  
  179  16:18  Hydralisk  
  176  16:19  Zergling x12  
  176  16:24  Baneling  
  176  16:25  Baneling x3, Hydralisk  
  180  16:26  Hydralisk, Zergling x10  
  180  16:31  Drone x2  
  191  16:33  Baneling x3  
  185  16:42  Zerg Flyer Armor Level 1  
  185  16:46  Zergling x16  
  191  16:58  Hydralisk x6  
  198  17:01  Drone  
  199  17:11  Zergling x2  
  200  17:19  Hatchery  
  200  17:21  Burrow  
  197  17:27  Baneling x7  
  197  17:28  Baneling x8  
  196  17:31  Spore Crawler  
  196  17:32  Drone x6  
  196  17:34  Zergling x2  
  196  17:35  Zergling x2  
  198  17:42  Zergling x2  
  188  17:54  Zergling x26  
  174  18:05  Zergling x16  
  170  18:09  Overseer  
  168  18:16  Zergling x14  
  168  18:27  Drone x3  
  168  18:30  Zerg Melee Weapons Level 3  
  168  18:32  Ultralisk Cavern  
  170  18:36  Baneling x8  
  170  18:46  Baneling x6  
  170  18:48  Overseer  
  170  18:49  Overseer  
  170  18:52  Drone  
  171  18:56  Drone, Zergling x6  
  171  19:00  Baneling x3  
  174  19:05  Zergling x24  
  174  19:06  Lurker  
  174  19:07  Lurker  
  183  19:12  Drone x3  
  177  19:34  Zergling x22  
  169  19:40  Zergling x18  
  177  19:46  Infestor  
  177  19:51  Drone  
  178  20:03  Zergling x6  
  179  20:10  Hatchery  
  172  20:18  Hydralisk x4  
  180  20:24  Overlord  
  178  20:29  Zergling x16  
  178  20:35  Zergling x6  
  189  20:41  Zergling x6  
  189  20:43  Hydralisk x4  
  189  20:46  Zergling x2  
  184  20:50  Hydralisk x2  
  184  20:51  Zergling x6  
  184  20:53  Baneling x5  
  191  20:57  Zergling x4  
  191  21:01  Baneling x7  
  193  21:10  Zergling x14  
  197  21:11  Overseer x2  
  197  21:14  Drone  
  196  21:26  Zergling x8  
  196  21:41  Baneling x5  
  195  21:49  Zergling x6  
  195  21:51  Hatchery  
  194  21:57  Hydralisk x10  
  192  22:02  Overlord  
  192  22:07  Baneling x12  
  192  22:10  Zergling x10  
  197  22:18  Baneling x5  
  197  22:22  Hatchery  
  197  22:24  Hydralisk x2, Zergling x2  
  197  22:25  Zergling x4  
  184  22:33  Zergling x22  
  161  22:38  Zergling x8  
  155  22:45  Zergling x14  
  162  22:58  Zergling x8  
  166  23:03  Hydralisk x2  
  166  23:04  Zergling x2  
  167  23:07  Drone x2  
  167  23:08  Drone x2  
  167  23:12  Zergling x2  
  172  23:15  Zergling x6  
  172  23:18  Overseer  
  170  23:22  Hydralisk  
  170  23:23  Hydralisk  
  173  23:31  Infestor  
  172  23:40  Zergling x6  
  175  23:49  Hydralisk x2  
  175  23:50  Zergling x6, Hatchery  
  175  23:54  Drone  
  168  24:03  Zergling x12  
  168  24:04  Zergling x4  
  170  24:13  Zergling x6  
Tags
 
Add a new tag
Caveats
  • Supply blocks, unpowered buildings, or Contaminate may cause inaccurate times.
  • Supply counts are checked every 10 seconds.